[ AOE2 MATCH · #479250265 ]
Team RMVietnamese vs Bulgarians
[ REPLAY ANALYSIS · EXTRACTED FROM THE RECORDED GAME ]
Feudal
—
Castle
—
Imperial
—
| APM avg | 27.5 |
| APM peak | 158 |
| eAPM avg | 25.3 |
| Villagers / military | 87 / 97 |
Focus
⚔️ 21.0% · 🌾 79.0%
Spearman ×43 · Rattan Archer ×22 · Skirmisher ×16 · Battle Elephant ×12 · Militia ×4
Feudal
12:46
Castle
19:07
Imperial
52:07
| APM avg | 13.2 |
| APM peak | 27 |
| eAPM avg | 10.1 |
| Villagers / military | 130 / 91 |
Focus
⚔️ 29.9% · 🌾 70.1%
Spearman ×43 · Militia ×24 · Konnik ×13 · Scorpion ×6 · Battering Ram ×5
Feudal
—
Castle
—
Imperial
—
| APM avg | 17.3 |
| APM peak | 74 |
| eAPM avg | 11.9 |
| Villagers / military | 97 / 73 |
Focus
⚔️ 34.1% · 🌾 65.9%
Knight ×27 · Spearman ×25 · Throwing Axeman ×11 · Militia ×7 · Mangonel ×3
Feudal
—
Castle
—
Imperial
—
| APM avg | 27.0 |
| APM peak | 74 |
| eAPM avg | 12.7 |
| Villagers / military | 74 / 145 |
Focus
⚔️ 37.3% · 🌾 62.7%
Camel Scout ×73 · Skirmisher ×66 · Trade Cart ×8 · Trebuchet (Packed) ×3 · Spearman ×2 · Monk ×1
Feudal
12:58
Castle
29:44
Imperial
49:01
| APM avg | 28.2 |
| APM peak | 61 |
| eAPM avg | 14.3 |
| Villagers / military | 163 / 120 |
Focus
⚔️ 24.8% · 🌾 75.2%
Battle Elephant ×56 · Karambit Warrior ×45 · Archer ×10 · Scout Cavalry ×3 · Militia ×2 · Spearman ×2
Feudal
—
Castle
—
Imperial
—
| APM avg | 18.1 |
| APM peak | 44 |
| eAPM avg | 14.2 |
| Villagers / military | 113 / 155 |
Focus
⚔️ 36.7% · 🌾 63.3%
Spearman ×48 · Skirmisher ×43 · Militia ×31 · Samurai ×26 · Battering Ram ×4 · Trebuchet (Packed) ×3
Match map
Initial resources + every placement click. Lines = walls · curves = elevation contours. ◆ gold · ⬟ stone · ● berries · ✦ relic · ◌ wall gap
Your base· Open — unwalled flank
ThE_JoKeR's base· Open — unwalled flank
BleakAftershock's base· Open — unwalled flank
ElRojo1489's base· ✓ Closed at 25:28 · 50t walls · no gate
P2Phantom's base· ✓ Closed at 29:44 · 72t walls · no gate
eXo BlackOut's base· Open — 6t gap
Smoothed initial terrain · ◌ = detected wall gap · hover for details
Inputs per minute
— eXo Leech - - ThE_JoKeR
Build order — eXo Leech
First 150 of 377 actions detected
| 0:02 | Research | Loom |
| 0:03 | Create | Villager (Male) |
| 0:03 | Create | Villager (Male) |
| 0:04 | Create | Villager (Male) |
| 0:04 | Create | Villager (Male) |
| 0:04 | Create | Villager (Male) |
| 0:09 | Build | House |
| 0:12 | Build | House |
| 0:58 | Build | House |
| 1:31 | Build | Mill |
| 2:20 | Create | Villager (Male) |
| 2:52 | Create | Villager (Male) |
| 3:23 | Create | Villager (Male) |
| 3:49 | Create | Villager (Male) |
| 4:22 | Create | Villager (Male) |
| 4:29 | Build | Mill |
| 4:33 | Create | Villager (Male) |
| 4:53 | Create | Villager (Male) |
| 5:10 | Create | Villager (Male) |
| 5:24 | Create | Villager (Male) |
| 5:53 | Create | Villager (Male) |
| 6:14 | Create | Villager (Male) |
| 7:16 | Create | Villager (Male) |
| 7:25 | Build | Lumber Camp |
| 7:58 | Build | House |
| 8:13 | Build | House |
| 8:25 | Create | Villager (Male) |
| 8:27 | Create | Villager (Male) |
| 8:30 | Create | Villager (Male) |
| 8:41 | Build | House |
| 9:31 | Create | Villager (Male) |
| 10:21 | Research | Feudal Age |
| 10:34 | Build | Barracks |
| 10:48 | Create | Villager (Male) |
| 10:49 | Create | Villager (Male) |
| 11:26 | Build | Mining Camp |
| 11:51 | Create | Villager (Male) |
| 12:07 | Build | Mining Camp |
| 12:38 | Create | Villager (Male) |
| 12:38 | Create | Villager (Male) |
| 13:34 | Research | Man-at-Arms (upgrade) |
| 13:58 | Create | Militia |
| 13:58 | Create | Militia |
| 14:15 | Build | Market |
| 14:20 | Create | Villager (Male) |
| 14:36 | Build | Farm |
| 14:39 | Research | Double-Bit Axe |
| 14:42 | Build | Farm |
| 14:42 | Build | Farm |
| 14:42 | Build | Farm |
| 14:42 | Build | Farm |
| 14:42 | Build | Farm |
| 14:42 | Build | Farm |
| 14:42 | Build | Farm |
| 15:01 | Build | House |
| 15:05 | Build | House |
| 15:05 | Build | Farm |
| 15:05 | Build | Farm |
| 15:05 | Build | Farm |
| 15:05 | Build | Farm |
| 15:05 | Build | Farm |
| 15:41 | Build | Farm |
| 15:56 | Build | Farm |
| 16:13 | Build | Farm |
| 16:13 | Build | Farm |
| 16:13 | Build | Farm |
| 16:13 | Build | Farm |
| 16:13 | Build | Farm |
| 16:13 | Build | Farm |
| 16:13 | Build | Farm |
| 16:13 | Build | Farm |
| 16:13 | Build | Farm |
| 16:14 | Build | House |
| 16:27 | Create | Villager (Male) |
| 16:50 | Build | Farm |
| 16:50 | Build | Farm |
| 16:50 | Build | Farm |
| 16:52 | Build | Farm |
| 16:52 | Build | Farm |
| 16:52 | Build | Farm |
| 16:52 | Build | Farm |
| 16:52 | Build | Farm |
| 16:52 | Build | Farm |
| 17:02 | Build | House |
| 17:04 | Build | House |
| 17:23 | Create | Villager (Male) |
| 17:35 | Build | Archery Range |
| 17:39 | Create | Villager (Male) |
| 17:48 | Build | Farm |
| 17:48 | Build | Farm |
| 17:48 | Build | Farm |
| 17:48 | Build | Farm |
| 17:48 | Build | Farm |
| 18:10 | Build | Stone Wall |
| 18:13 | Build | Farm |
| 18:13 | Build | Farm |
| 18:13 | Build | Farm |
| 18:13 | Build | Farm |
| 18:13 | Build | Farm |
| 18:15 | Create | Villager (Male) |
| 18:39 | Build | Farm |
| 18:39 | Build | Farm |
| 18:39 | Build | Farm |
| 18:39 | Build | Farm |
| 18:39 | Build | Farm |
| 18:43 | Research | Wheelbarrow |
| 18:51 | Research | Horse Collar |
| 18:56 | Create | Villager (Male) |
| 18:57 | Create | Villager (Male) |
| 19:46 | Build | Farm |
| 19:46 | Build | Farm |
| 19:46 | Build | Farm |
| 20:09 | Build | Stone Wall |
| 20:10 | Build | Farm |
| 20:10 | Build | Farm |
| 20:49 | Research | Castle Age |
| 21:01 | Build | Blacksmith |
| 21:28 | Create | Skirmisher |
| 21:29 | Create | Skirmisher |
| 21:29 | Create | Skirmisher |
| 21:29 | Create | Skirmisher |
| 21:29 | Create | Skirmisher |
| 21:31 | Create | Skirmisher |
| 21:31 | Create | Skirmisher |
| 21:32 | Create | Skirmisher |
| 21:49 | Build | Farm |
| 21:49 | Build | Farm |
| 21:49 | Build | Farm |
| 21:50 | Build | Farm |
| 21:50 | Build | Farm |
| 21:50 | Build | Farm |
| 21:57 | Build | Lumber Camp |
| 22:17 | Build | Stone Wall |
| 22:26 | Create | Villager (Male) |
| 22:26 | Create | Villager (Male) |
| 22:28 | Create | Villager (Male) |
| 22:30 | Create | Villager (Male) |
| 22:31 | Create | Villager (Male) |
| 22:32 | Create | Villager (Male) |
| 22:47 | Build | House |
| 22:49 | Build | House |
| 22:57 | Build | House |
| 23:00 | Build | House |
| 23:04 | Build | House |
| 23:07 | Build | House |
| 23:12 | Build | House |
| 23:29 | Build | House |
| 23:37 | Research | Fletching |
| 23:39 | Research | Scale Mail Armor |
| 23:40 | Research | Padded Archer Armor |
Build order — ThE_JoKeR
First 150 of 361 actions detected
| 0:03 | Build | House |
| 0:04 | Build | House |
| 0:05 | Create | Villager (Male) |
| 0:05 | Create | Villager (Male) |
| 0:25 | Create | Villager (Male) |
| 0:58 | Create | Villager (Male) |
| 1:41 | Create | Villager (Male) |
| 2:17 | Build | Lumber Camp |
| 2:20 | Create | Villager (Male) |
| 2:33 | Create | Villager (Male) |
| 2:45 | Build | Lumber Camp |
| 3:15 | Create | Villager (Male) |
| 3:16 | Create | Villager (Male) |
| 3:55 | Create | Villager (Male) |
| 4:19 | Create | Villager (Male) |
| 4:31 | Create | Villager (Male) |
| 4:41 | Build | House |
| 4:43 | Build | House |
| 4:59 | Research | Loom |
| 5:26 | Create | Villager (Male) |
| 5:27 | Create | Villager (Male) |
| 5:42 | Create | Villager (Male) |
| 5:48 | Build | House |
| 5:59 | Build | Mill |
| 6:29 | Build | Palisade Wall |
| 6:36 | Build | Palisade Gate |
| 6:39 | Create | Villager (Male) |
| 6:51 | Create | Villager (Male) |
| 7:09 | Create | Villager (Male) |
| 7:40 | Build | House |
| 7:42 | Build | House |
| 8:04 | Create | Villager (Male) |
| 8:05 | Create | Villager (Male) |
| 8:37 | Create | Villager (Male) |
| 9:08 | Build | House |
| 9:21 | Create | Villager (Male) |
| 9:22 | Create | Villager (Male) |
| 9:39 | Build | House |
| 9:50 | Create | Villager (Male) |
| 10:06 | Build | Mining Camp |
| 10:18 | Build | Palisade Wall |
| 10:23 | Build | Palisade Gate |
| 10:35 | Research | Feudal Age |
| 10:49 | Build | Mill |
| 10:59 | Build | Farm |
| 11:02 | Build | Farm |
| 11:08 | Build | Farm |
| 12:21 | Create | Villager (Male) |
| 12:22 | Create | Villager (Male) |
| 12:46 | Age | Feudal Age |
| 12:51 | Build | Market |
| 13:19 | Build | Blacksmith |
| 13:22 | Create | Villager (Male) |
| 13:22 | Create | Villager (Male) |
| 14:10 | Create | Villager (Male) |
| 14:24 | Build | Mining Camp |
| 14:28 | Build | House |
| 14:30 | Build | House |
| 14:32 | Build | House |
| 14:36 | Create | Villager (Male) |
| 15:22 | Build | Mill |
| 15:37 | Create | Villager (Male) |
| 15:37 | Create | Villager (Male) |
| 15:53 | Build | House |
| 15:56 | Build | House |
| 15:58 | Build | House |
| 16:04 | Research | Castle Age |
| 16:16 | Build | Farm |
| 16:16 | Build | Farm |
| 16:17 | Build | Farm |
| 16:18 | Build | Farm |
| 16:18 | Build | Farm |
| 16:41 | Build | Barracks |
| 17:16 | Build | Farm |
| 17:16 | Build | Farm |
| 17:29 | Build | Farm |
| 17:54 | Build | Palisade Wall |
| 17:57 | Build | Palisade Gate |
| 18:33 | Build | Archery Range |
| 18:45 | Research | Fletching |
| 18:46 | Research | Scale Mail Armor |
| 19:07 | Age | Castle Age |
| 19:11 | Create | Militia |
| 19:12 | Create | Militia |
| 19:12 | Create | Militia |
| 19:13 | Create | Militia |
| 19:13 | Create | Militia |
| 20:18 | Create | Militia |
| 20:22 | Create | Villager (Male) |
| 20:22 | Create | Villager (Male) |
| 21:20 | Create | Villager (Male) |
| 21:20 | Create | Villager (Male) |
| 21:20 | Create | Villager (Male) |
| 21:29 | Build | Town Center |
| 21:36 | Build | Farm |
| 21:42 | Create | Villager (Male) |
| 21:43 | Create | Villager (Male) |
| 21:43 | Create | Villager (Male) |
| 22:27 | Build | Castle |
| 22:55 | Create | Villager (Male) |
| 22:55 | Create | Villager (Male) |
| 22:55 | Create | Villager (Male) |
| 24:03 | Build | House |
| 24:32 | Create | Militia |
| 24:32 | Create | Militia |
| 24:32 | Create | Militia |
| 24:32 | Create | Militia |
| 24:49 | Create | Militia |
| 24:49 | Create | Militia |
| 24:50 | Create | Militia |
| 24:50 | Create | Militia |
| 25:34 | Create | Villager (Male) |
| 25:34 | Create | Villager (Male) |
| 25:35 | Create | Villager (Male) |
| 26:17 | Create | Villager (Male) |
| 26:18 | Create | Villager (Male) |
| 27:11 | Create | Militia |
| 27:11 | Create | Militia |
| 27:18 | Research | Chain Mail Armor |
| 27:18 | Research | Forging |
| 27:20 | Create | Villager (Male) |
| 27:20 | Create | Villager (Male) |
| 27:21 | Create | Villager (Male) |
| 27:24 | Build | Farm |
| 27:25 | Build | Farm |
| 27:26 | Build | Farm |
| 27:26 | Build | Farm |
| 27:26 | Build | Farm |
| 27:26 | Build | Farm |
| 27:27 | Build | Farm |
| 27:29 | Create | Villager (Male) |
| 27:29 | Create | Villager (Male) |
| 27:29 | Create | Villager (Male) |
| 27:58 | Build | Castle |
| 28:17 | Create | Villager (Male) |
| 28:17 | Create | Villager (Male) |
| 28:17 | Create | Villager (Male) |
| 28:17 | Create | Villager (Male) |
| 29:15 | Create | Villager (Male) |
| 29:16 | Create | Villager (Male) |
| 29:16 | Create | Villager (Male) |
| 29:23 | Build | Mill |
| 29:25 | Build | Farm |
| 29:25 | Build | Farm |
| 29:26 | Build | Farm |
| 29:26 | Build | Farm |
| 29:27 | Build | Farm |
| 29:28 | Build | Farm |
| 29:28 | Build | Farm |
| 29:30 | Create | Villager (Male) |
Build order — BleakAftershock
First 150 of 253 actions detected
| 0:01 | Create | Villager (Male) |
| 0:01 | Create | Villager (Male) |
| 0:02 | Create | Villager (Male) |
| 0:02 | Create | Villager (Male) |
| 0:03 | Build | House |
| 0:05 | Build | House |
| 1:32 | Create | Villager (Male) |
| 2:05 | Create | Villager (Male) |
| 2:17 | Create | Villager (Male) |
| 2:52 | Create | Villager (Male) |
| 3:10 | Create | Villager (Male) |
| 3:23 | Create | Villager (Male) |
| 4:09 | Build | Mill |
| 4:13 | Research | Loom |
| 4:19 | Create | Villager (Male) |
| 4:19 | Create | Villager (Male) |
| 4:59 | Create | Villager (Male) |
| 5:07 | Build | House |
| 5:39 | Create | Villager (Male) |
| 6:16 | Build | House |
| 6:18 | Build | House |
| 6:51 | Create | Villager (Male) |
| 6:52 | Create | Villager (Male) |
| 7:06 | Build | Lumber Camp |
| 7:14 | Create | Villager (Male) |
| 7:48 | Create | Villager (Male) |
| 8:23 | Create | Villager (Male) |
| 9:02 | Research | Feudal Age |
| 9:25 | Build | Barracks |
| 10:06 | Build | Palisade Gate |
| 10:10 | Build | Palisade Wall |
| 10:12 | Build | Palisade Wall |
| 10:34 | Build | House |
| 10:36 | Build | House |
| 10:37 | Build | House |
| 10:39 | Build | House |
| 10:48 | Build | Palisade Wall |
| 10:55 | Create | Militia |
| 10:55 | Create | Militia |
| 11:07 | Create | Villager (Male) |
| 11:07 | Create | Villager (Male) |
| 11:16 | Build | Mining Camp |
| 11:44 | Build | Palisade Wall |
| 11:46 | Create | Villager (Male) |
| 11:47 | Create | Villager (Male) |
| 12:10 | Build | Lumber Camp |
| 12:23 | Create | Villager (Male) |
| 12:32 | Build | Farm |
| 13:05 | Create | Villager (Male) |
| 13:16 | Build | Palisade Wall |
| 13:24 | Build | Farm |
| 13:26 | Build | Farm |
| 13:28 | Create | Villager (Male) |
| 13:29 | Create | Villager (Male) |
| 13:45 | Build | Farm |
| 13:45 | Build | Farm |
| 13:54 | Build | Palisade Wall |
| 14:08 | Build | Farm |
| 14:14 | Build | Farm |
| 14:43 | Build | Farm |
| 14:50 | Build | Farm |
| 14:58 | Build | Palisade Gate |
| 15:11 | Build | Palisade Wall |
| 15:14 | Research | Man-at-Arms (upgrade) |
| 15:17 | Create | Militia |
| 15:17 | Create | Militia |
| 16:05 | Create | Militia |
| 16:09 | Build | Farm |
| 16:14 | Build | Farm |
| 16:19 | Build | Farm |
| 16:23 | Build | Farm |
| 16:32 | Create | Villager (Male) |
| 16:46 | Build | Farm |
| 17:06 | Build | Palisade Wall |
| 17:09 | Create | Villager (Male) |
| 17:10 | Create | Villager (Male) |
| 17:28 | Create | Villager (Male) |
| 17:30 | Create | Militia |
| 17:31 | Create | Militia |
| 17:57 | Build | Blacksmith |
| 18:23 | Create | Villager (Male) |
| 18:23 | Create | Villager (Male) |
| 19:23 | Create | Villager (Male) |
| 19:23 | Create | Villager (Male) |
| 19:27 | Build | Farm |
| 19:45 | Create | Villager (Male) |
| 20:23 | Create | Villager (Male) |
| 20:23 | Create | Villager (Male) |
| 20:38 | Build | Market |
| 20:57 | Create | Villager (Male) |
| 20:57 | Create | Villager (Male) |
| 21:00 | Research | Forging |
| 21:28 | Build | Farm |
| 21:28 | Build | Farm |
| 21:29 | Build | Farm |
| 21:29 | Build | Farm |
| 21:48 | Build | Farm |
| 22:02 | Research | Castle Age |
| 22:23 | Create | Villager (Male) |
| 22:48 | Build | House |
| 22:50 | Build | House |
| 24:27 | Create | Villager (Male) |
| 24:32 | Build | Farm |
| 24:39 | Research | Double-Bit Axe |
| 24:51 | Build | Mining Camp |
| 24:58 | Build | Lumber Camp |
| 25:02 | Create | Villager (Male) |
| 25:03 | Create | Villager (Male) |
| 25:40 | Build | Stable |
| 25:44 | Build | Stable |
| 26:11 | Create | Knight |
| 26:11 | Create | Knight |
| 26:11 | Create | Knight |
| 26:15 | Create | Knight |
| 26:15 | Create | Knight |
| 26:15 | Create | Knight |
| 26:24 | Create | Villager (Male) |
| 26:25 | Create | Villager (Male) |
| 26:41 | Research | Scale Barding Armor |
| 26:45 | Create | Knight |
| 27:06 | Build | Castle |
| 27:18 | Create | Villager (Male) |
| 27:59 | Create | Villager (Male) |
| 28:00 | Create | Villager (Male) |
| 28:00 | Create | Villager (Male) |
| 28:58 | Research | Town Watch |
| 29:17 | Build | Mining Camp |
| 29:31 | Build | Mining Camp |
| 29:57 | Create | Villager (Male) |
| 29:58 | Create | Villager (Male) |
| 30:06 | Create | Knight |
| 30:06 | Create | Knight |
| 30:06 | Create | Knight |
| 30:06 | Create | Knight |
| 30:31 | Create | Knight |
| 30:31 | Create | Knight |
| 32:05 | Create | Villager (Male) |
| 32:05 | Create | Villager (Male) |
| 32:08 | Build | Town Center |
| 32:16 | Build | Town Center |
| 33:40 | Create | Villager (Male) |
| 33:45 | Create | Villager (Male) |
| 33:45 | Create | Villager (Male) |
| 33:46 | Create | Villager (Male) |
| 33:46 | Create | Villager (Male) |
| 33:46 | Create | Villager (Male) |
| 33:46 | Create | Villager (Male) |
| 34:21 | Create | Throwing Axeman |
| 34:21 | Create | Throwing Axeman |
| 34:21 | Create | Throwing Axeman |
Build order — ElRojo1489
First 150 of 326 actions detected
| 0:02 | Build | House |
| 0:02 | Create | Villager (Male) |
| 0:03 | Create | Villager (Male) |
| 0:03 | Create | Villager (Male) |
| 0:03 | Create | Villager (Male) |
| 0:05 | Build | House |
| 1:29 | Create | Villager (Male) |
| 1:45 | Build | Mill |
| 1:51 | Create | Villager (Male) |
| 2:28 | Create | Villager (Male) |
| 2:51 | Create | Villager (Male) |
| 3:23 | Create | Villager (Male) |
| 3:34 | Build | House |
| 3:39 | Create | Villager (Male) |
| 4:10 | Create | Villager (Male) |
| 4:10 | Create | Villager (Male) |
| 4:27 | Build | Lumber Camp |
| 4:33 | Create | Villager (Male) |
| 4:55 | Build | House |
| 5:05 | Create | Villager (Male) |
| 5:06 | Create | Villager (Male) |
| 5:06 | Create | Villager (Male) |
| 5:24 | Build | Palisade Wall |
| 5:36 | Create | Villager (Male) |
| 5:37 | Create | Villager (Male) |
| 5:59 | Build | Palisade Wall |
| 6:24 | Create | Villager (Male) |
| 7:05 | Create | Villager (Male) |
| 7:31 | Create | Villager (Male) |
| 7:52 | Build | Mining Camp |
| 8:14 | Research | Feudal Age |
| 8:29 | Build | House |
| 8:31 | Build | Palisade Wall |
| 8:53 | Build | Lumber Camp |
| 9:04 | Build | House |
| 9:11 | Build | Palisade Wall |
| 9:31 | Build | Palisade Wall |
| 9:57 | Build | Barracks |
| 10:16 | Research | Loom |
| 10:24 | Create | Villager (Male) |
| 10:24 | Create | Villager (Male) |
| 10:25 | Create | Villager (Male) |
| 10:29 | Research | Double-Bit Axe |
| 10:49 | Build | House |
| 10:52 | Build | Blacksmith |
| 11:08 | Create | Spearman |
| 11:08 | Create | Spearman |
| 11:26 | Build | Farm |
| 11:32 | Build | Farm |
| 11:36 | Build | Farm |
| 11:58 | Build | Palisade Wall |
| 12:15 | Build | Farm |
| 12:19 | Build | Farm |
| 12:24 | Build | Farm |
| 12:25 | Create | Villager (Male) |
| 12:25 | Create | Villager (Male) |
| 12:26 | Create | Villager (Male) |
| 12:44 | Build | Farm |
| 12:47 | Build | Farm |
| 12:51 | Build | Farm |
| 12:54 | Build | Farm |
| 13:31 | Create | Villager (Male) |
| 13:32 | Create | Villager (Male) |
| 13:42 | Build | Stable |
| 13:47 | Build | Farm |
| 13:57 | Create | Villager (Male) |
| 13:58 | Create | Villager (Male) |
| 14:38 | Build | House |
| 15:02 | Build | House |
| 15:04 | Build | House |
| 15:22 | Create | Villager (Male) |
| 15:23 | Create | Villager (Male) |
| 15:30 | Build | Stable |
| 15:38 | Research | Fletching |
| 16:09 | Research | Bloodlines |
| 16:16 | Build | House |
| 16:42 | Build | Watch Tower |
| 17:00 | Create | Camel Scout |
| 17:00 | Create | Camel Scout |
| 17:00 | Create | Camel Scout |
| 17:22 | Create | Villager (Male) |
| 17:27 | Build | House |
| 17:56 | Build | Mining Camp |
| 18:03 | Build | Archery Range |
| 18:16 | Create | Camel Scout |
| 18:16 | Create | Camel Scout |
| 18:37 | Build | Mining Camp |
| 18:50 | Research | Forging |
| 19:00 | Create | Camel Scout |
| 19:01 | Create | Camel Scout |
| 19:11 | Create | Skirmisher |
| 19:11 | Create | Skirmisher |
| 19:11 | Create | Skirmisher |
| 19:17 | Build | House |
| 19:43 | Create | Villager (Male) |
| 19:43 | Create | Villager (Male) |
| 19:43 | Create | Villager (Male) |
| 20:13 | Create | Camel Scout |
| 20:35 | Build | Market |
| 21:06 | Create | Villager (Male) |
| 21:07 | Create | Villager (Male) |
| 21:07 | Create | Villager (Male) |
| 21:16 | Build | Farm |
| 21:16 | Build | Farm |
| 21:17 | Build | Farm |
| 21:17 | Build | Farm |
| 21:18 | Build | Farm |
| 21:18 | Build | Farm |
| 21:19 | Build | Farm |
| 21:19 | Build | Farm |
| 21:24 | Research | Horse Collar |
| 21:30 | Build | House |
| 21:31 | Build | House |
| 21:32 | Build | House |
| 21:33 | Build | House |
| 21:58 | Build | Stable |
| 21:59 | Build | Stable |
| 22:33 | Create | Villager (Male) |
| 22:34 | Create | Villager (Male) |
| 22:48 | Build | House |
| 22:50 | Build | House |
| 22:51 | Build | House |
| 22:52 | Build | House |
| 22:54 | Build | House |
| 22:55 | Build | House |
| 22:57 | Build | House |
| 23:01 | Build | House |
| 23:02 | Build | House |
| 23:03 | Build | House |
| 23:33 | Build | Farm |
| 23:34 | Build | Farm |
| 23:35 | Build | Farm |
| 23:42 | Create | Villager (Male) |
| 23:42 | Create | Villager (Male) |
| 23:42 | Create | Villager (Male) |
| 24:08 | Build | Farm |
| 25:16 | Build | Gate |
| 25:22 | Build | Stone Wall |
| 25:28 | Research | Castle Age |
| 25:36 | Create | Camel Scout |
| 25:40 | Create | Skirmisher |
| 25:40 | Create | Skirmisher |
| 25:41 | Create | Skirmisher |
| 25:41 | Create | Skirmisher |
| 25:56 | Build | Lumber Camp |
| 26:06 | Research | Gold Mining |
| 26:07 | Research | Stone Mining |
| 26:34 | Create | Trade Cart |
| 26:35 | Create | Trade Cart |
| 26:43 | Create | Camel Scout |
Build order — P2Phantom
First 150 of 434 actions detected
| 2:05 | Create | Villager (Male) |
| 2:06 | Create | Villager (Male) |
| 2:06 | Create | Villager (Male) |
| 2:07 | Build | House |
| 2:08 | Build | House |
| 3:03 | Create | Villager (Male) |
| 3:34 | Create | Villager (Male) |
| 3:34 | Create | Villager (Male) |
| 4:31 | Create | Villager (Male) |
| 4:31 | Create | Villager (Male) |
| 5:11 | Create | Villager (Male) |
| 5:40 | Create | Villager (Male) |
| 5:41 | Create | Villager (Male) |
| 6:03 | Build | House |
| 6:11 | Create | Villager (Male) |
| 6:11 | Create | Villager (Male) |
| 7:18 | Create | Villager (Male) |
| 7:18 | Create | Villager (Male) |
| 7:18 | Create | Villager (Male) |
| 7:47 | Create | Villager (Male) |
| 7:52 | Build | Mill |
| 8:02 | Create | Villager (Male) |
| 8:02 | Create | Villager (Male) |
| 8:03 | Create | Villager (Male) |
| 8:28 | Create | Villager (Male) |
| 9:08 | Create | Villager (Male) |
| 9:11 | Build | House |
| 10:18 | Create | Villager (Male) |
| 10:32 | Build | Lumber Camp |
| 11:01 | Research | Feudal Age |
| 11:16 | Build | Farm |
| 11:17 | Build | Farm |
| 11:53 | Build | House |
| 11:58 | Build | House |
| 12:41 | Build | Barracks |
| 12:54 | Create | Villager (Male) |
| 12:54 | Create | Villager (Male) |
| 12:55 | Create | Villager (Male) |
| 12:55 | Create | Villager (Male) |
| 12:55 | Create | Villager (Male) |
| 12:58 | Age | Feudal Age |
| 13:18 | Build | Farm |
| 13:21 | Create | Villager (Male) |
| 13:43 | Build | House |
| 14:00 | Build | Palisade Wall |
| 14:10 | Research | Double-Bit Axe |
| 14:33 | Research | Loom |
| 14:37 | Create | Spearman |
| 14:42 | Create | Villager (Male) |
| 14:42 | Create | Villager (Male) |
| 14:42 | Create | Villager (Male) |
| 14:43 | Create | Villager (Male) |
| 15:00 | Build | Blacksmith |
| 15:03 | Build | Market |
| 15:08 | Build | House |
| 15:10 | Build | House |
| 15:14 | Create | Villager (Male) |
| 15:14 | Create | Villager (Male) |
| 15:34 | Create | Spearman |
| 15:41 | Build | Farm |
| 16:14 | Build | Palisade Wall |
| 16:19 | Create | Militia |
| 16:45 | Build | Watch Tower |
| 16:52 | Create | Militia |
| 17:00 | Build | House |
| 17:02 | Build | House |
| 17:03 | Build | House |
| 17:09 | Build | Palisade Wall |
| 17:22 | Build | Mining Camp |
| 17:25 | Create | Villager (Male) |
| 17:39 | Build | Farm |
| 17:40 | Build | Farm |
| 17:42 | Build | Farm |
| 18:02 | Build | Palisade Wall |
| 18:10 | Build | House |
| 18:15 | Build | Outpost |
| 18:17 | Create | Villager (Male) |
| 18:17 | Create | Villager (Male) |
| 18:17 | Create | Villager (Male) |
| 18:53 | Build | House |
| 18:59 | Build | House |
| 19:04 | Build | House |
| 19:07 | Build | House |
| 19:08 | Build | House |
| 19:10 | Create | Villager (Male) |
| 19:10 | Create | Villager (Male) |
| 19:16 | Build | Farm |
| 19:21 | Build | House |
| 19:42 | Create | Villager (Male) |
| 19:42 | Create | Villager (Male) |
| 19:49 | Build | Archery Range |
| 19:51 | Build | House |
| 19:54 | Build | Archery Range |
| 19:55 | Build | House |
| 19:56 | Build | House |
| 20:02 | Build | House |
| 20:06 | Build | House |
| 20:14 | Build | House |
| 20:27 | Build | House |
| 20:29 | Create | Villager (Male) |
| 20:30 | Create | Villager (Male) |
| 20:30 | Create | Villager (Male) |
| 20:35 | Build | Watch Tower |
| 20:41 | Build | House |
| 20:47 | Build | House |
| 20:59 | Create | Villager (Male) |
| 20:59 | Create | Villager (Male) |
| 21:06 | Build | Mining Camp |
| 21:23 | Create | Skirmisher |
| 21:23 | Create | Skirmisher |
| 21:41 | Build | Watch Tower |
| 21:45 | Create | Villager (Male) |
| 21:45 | Create | Villager (Male) |
| 21:46 | Create | Villager (Male) |
| 21:52 | Build | Farm |
| 21:54 | Build | Farm |
| 22:17 | Build | Watch Tower |
| 22:25 | Research | Fletching |
| 22:31 | Build | House |
| 22:36 | Create | Archer |
| 22:37 | Create | Archer |
| 22:57 | Research | Man-at-Arms (upgrade) |
| 22:59 | Build | Farm |
| 23:18 | Build | House |
| 23:19 | Build | House |
| 23:25 | Create | Archer |
| 23:46 | Create | Archer |
| 24:27 | Create | Archer |
| 24:31 | Build | House |
| 24:34 | Create | Archer |
| 24:35 | Create | Villager (Male) |
| 24:42 | Research | Gold Mining |
| 24:49 | Research | Horse Collar |
| 24:52 | Build | Farm |
| 25:00 | Build | Farm |
| 25:00 | Build | Farm |
| 25:19 | Build | Farm |
| 25:20 | Build | Farm |
| 25:20 | Build | Farm |
| 25:21 | Build | Farm |
| 25:23 | Build | Farm |
| 25:24 | Build | Farm |
| 25:52 | Build | House |
| 25:56 | Build | Palisade Wall |
| 26:01 | Create | Archer |
| 26:01 | Create | Archer |
| 26:11 | Create | Villager (Male) |
| 26:12 | Create | Villager (Male) |
| 26:19 | Research | Stone Mining |
| 26:22 | Build | Farm |
Build order — eXo BlackOut
First 150 of 395 actions detected
| 0:03 | Build | House |
| 0:08 | Build | House |
| 0:09 | Create | Villager (Male) |
| 0:09 | Create | Villager (Male) |
| 0:10 | Create | Villager (Male) |
| 0:10 | Create | Villager (Male) |
| 1:35 | Create | Villager (Male) |
| 2:09 | Create | Villager (Male) |
| 2:36 | Create | Villager (Male) |
| 2:45 | Research | Loom |
| 2:58 | Build | Lumber Camp |
| 3:14 | Build | Mill |
| 3:20 | Create | Villager (Male) |
| 3:29 | Create | Villager (Male) |
| 3:53 | Create | Villager (Male) |
| 4:17 | Create | Villager (Male) |
| 5:02 | Build | House |
| 5:20 | Build | House |
| 5:35 | Create | Villager (Male) |
| 5:36 | Create | Villager (Male) |
| 5:36 | Create | Villager (Male) |
| 5:45 | Create | Villager (Male) |
| 6:08 | Create | Villager (Male) |
| 6:39 | Build | Barracks |
| 6:55 | Create | Villager (Male) |
| 7:10 | Create | Villager (Male) |
| 7:50 | Build | Mining Camp |
| 8:05 | Research | Feudal Age |
| 8:15 | Build | Palisade Wall |
| 8:24 | Build | House |
| 8:27 | Build | House |
| 8:36 | Create | Militia |
| 8:36 | Create | Militia |
| 8:36 | Create | Militia |
| 9:25 | Build | Palisade Wall |
| 9:32 | Create | Villager (Male) |
| 9:33 | Create | Villager (Male) |
| 9:38 | Create | Militia |
| 9:51 | Build | Palisade Wall |
| 10:02 | Create | Militia |
| 10:17 | Research | Double-Bit Axe |
| 10:25 | Create | Militia |
| 11:02 | Research | Arson |
| 11:20 | Create | Villager (Male) |
| 11:29 | Build | Farm |
| 11:31 | Build | Farm |
| 11:32 | Build | Farm |
| 11:34 | Build | Farm |
| 11:42 | Build | Farm |
| 11:48 | Build | Farm |
| 12:04 | Build | Farm |
| 12:05 | Build | Farm |
| 12:06 | Build | Farm |
| 12:20 | Create | Villager (Male) |
| 12:40 | Build | Palisade Gate |
| 12:48 | Build | Palisade Wall |
| 12:56 | Create | Villager (Male) |
| 12:57 | Create | Villager (Male) |
| 13:29 | Research | Man-at-Arms (upgrade) |
| 13:37 | Build | Blacksmith |
| 13:47 | Build | House |
| 13:48 | Build | House |
| 14:00 | Create | Villager (Male) |
| 14:01 | Create | Villager (Male) |
| 14:06 | Build | Farm |
| 14:09 | Build | Farm |
| 14:15 | Create | Villager (Male) |
| 14:25 | Research | Scale Mail Armor |
| 14:37 | Build | Lumber Camp |
| 15:41 | Create | Villager (Male) |
| 15:41 | Create | Villager (Male) |
| 15:42 | Create | Villager (Male) |
| 15:45 | Create | Militia |
| 15:45 | Create | Militia |
| 15:46 | Create | Militia |
| 15:55 | Build | Archery Range |
| 16:48 | Build | Farm |
| 16:53 | Build | Farm |
| 16:54 | Build | Farm |
| 16:57 | Create | Skirmisher |
| 16:57 | Create | Skirmisher |
| 16:57 | Create | Skirmisher |
| 16:57 | Create | Skirmisher |
| 16:58 | Create | Skirmisher |
| 16:58 | Create | Skirmisher |
| 16:58 | Create | Skirmisher |
| 17:29 | Create | Villager (Male) |
| 17:29 | Create | Villager (Male) |
| 17:30 | Create | Villager (Male) |
| 17:34 | Build | House |
| 17:36 | Build | House |
| 17:45 | Build | Farm |
| 17:46 | Build | Farm |
| 17:48 | Build | Farm |
| 17:50 | Build | Farm |
| 17:53 | Build | Farm |
| 17:54 | Build | Farm |
| 18:08 | Create | Skirmisher |
| 18:46 | Research | Forging |
| 19:03 | Create | Spearman |
| 19:03 | Create | Spearman |
| 19:03 | Create | Militia |
| 19:04 | Create | Militia |
| 19:10 | Create | Villager (Male) |
| 19:11 | Create | Villager (Male) |
| 19:47 | Build | Market |
| 19:54 | Build | Farm |
| 19:55 | Build | Farm |
| 19:55 | Build | Farm |
| 19:57 | Build | Farm |
| 19:59 | Build | Farm |
| 20:43 | Build | Farm |
| 20:47 | Build | Farm |
| 20:51 | Create | Villager (Male) |
| 20:54 | Build | Farm |
| 21:16 | Research | Castle Age |
| 21:21 | Build | Farm |
| 21:57 | Build | Palisade Wall |
| 22:05 | Build | Palisade Wall |
| 22:17 | Build | House |
| 22:18 | Build | House |
| 22:20 | Build | House |
| 22:21 | Build | House |
| 22:22 | Build | House |
| 22:23 | Build | House |
| 22:26 | Build | House |
| 22:39 | Create | Skirmisher |
| 22:39 | Create | Skirmisher |
| 22:42 | Create | Spearman |
| 22:43 | Create | Militia |
| 22:43 | Create | Militia |
| 22:43 | Create | Militia |
| 22:44 | Create | Militia |
| 23:05 | Create | Spearman |
| 23:06 | Create | Militia |
| 23:14 | Create | Skirmisher |
| 23:15 | Create | Skirmisher |
| 24:00 | Build | Farm |
| 24:24 | Create | Villager (Male) |
| 24:24 | Create | Villager (Male) |
| 24:25 | Create | Villager (Male) |
| 24:37 | Create | Villager (Male) |
| 24:37 | Create | Villager (Male) |
| 24:38 | Create | Villager (Male) |
| 24:54 | Research | Chain Mail Armor |
| 25:22 | Research | Thumb Ring |
| 25:42 | Create | Villager (Male) |
| 25:43 | Create | Villager (Male) |
| 25:43 | Create | Villager (Male) |
| 26:08 | Build | Farm |
Match timeline
| 5:24 | ElRojo1489 · wall_segment Palisade Wall x24 |
| 5:59 | ElRojo1489 · wall_segment Palisade Wall x8 |
| 6:29 | ThE_JoKeR · wall_segment Palisade Wall x6 |
| 6:39 | eXo BlackOut · first_building Barracks |
| 8:15 | eXo BlackOut · wall_segment Palisade Wall x9 |
| 8:31 | ElRojo1489 · wall_segment Palisade Wall x3 |
| 9:11 | ElRojo1489 · wall_segment Palisade Wall x4 |
| 9:25 | BleakAftershock · first_building Barracks |
| 9:25 | eXo BlackOut · wall_segment Palisade Wall x11 |
| 9:31 | ElRojo1489 · wall_segment Palisade Wall x7 |
| 9:51 | eXo BlackOut · wall_segment Palisade Wall x15 |
| 9:57 | ElRojo1489 · first_building Barracks |
| 10:10 | BleakAftershock · wall_segment Palisade Wall x1 |
| 10:12 | BleakAftershock · wall_segment Palisade Wall x1 |
| 10:18 | ThE_JoKeR · wall_segment Palisade Wall x7 |
| 10:34 | eXo Leech · first_building Barracks |
| 10:48 | BleakAftershock · wall_segment Palisade Wall x7 |
| 11:44 | BleakAftershock · wall_segment Palisade Wall x14 |
| 11:58 | ElRojo1489 · wall_segment Palisade Wall x11 |
| 12:41 | P2Phantom · first_building Barracks |
| 12:46 | ThE_JoKeR · age_up feudal |
| 12:48 | eXo BlackOut · wall_segment Palisade Wall x8 |
| 12:58 | P2Phantom · age_up feudal |
| 13:16 | BleakAftershock · wall_segment Palisade Wall x18 |
| 13:42 | ElRojo1489 · first_building Stable |
| 13:54 | BleakAftershock · wall_segment Palisade Wall x3 |
| 14:00 | P2Phantom · wall_segment Palisade Wall x18 |
| 15:11 | BleakAftershock · wall_segment Palisade Wall x8 |
| 15:55 | eXo BlackOut · first_building Archery Range |
| 16:14 | P2Phantom · wall_segment Palisade Wall x10 |
| 16:41 | ThE_JoKeR · first_building Barracks |
| 17:06 | BleakAftershock · wall_segment Palisade Wall x15 |
| 17:09 | P2Phantom · wall_segment Palisade Wall x16 |
| 17:35 | eXo Leech · first_building Archery Range |
| 17:54 | ThE_JoKeR · wall_segment Palisade Wall x7 |
| 18:02 | P2Phantom · wall_segment Palisade Wall x1 |
| 18:03 | ElRojo1489 · first_building Archery Range |
| 18:10 | eXo Leech · wall_segment Stone Wall x14 |
| 18:33 | eXo Leech · first_market_buy 100 food |
| 18:33 | ThE_JoKeR · first_building Archery Range |
| 19:07 | ThE_JoKeR · age_up castle |
| 19:49 | P2Phantom · first_building Archery Range |
| 20:09 | eXo Leech · wall_segment Stone Wall x14 |
| 21:56 | BleakAftershock · first_market_buy 100 food |
| 21:57 | eXo BlackOut · wall_segment Palisade Wall x9 |
| 22:05 | eXo BlackOut · wall_segment Palisade Wall x10 |
| 22:17 | eXo Leech · wall_segment Stone Wall x9 |
| 22:27 | ThE_JoKeR · first_building Castle |
| 23:54 | ElRojo1489 · first_market_buy 100 food |
| 24:47 | eXo Leech · wall_segment Stone Wall x23 |
| 25:18 | BleakAftershock · first_market_sell 100 wood |
| 25:22 | ElRojo1489 · wall_segment Stone Wall x1 |
| 25:40 | BleakAftershock · first_building Stable |
| 25:56 | P2Phantom · wall_segment Palisade Wall x18 |
| 26:06 | eXo Leech · first_building Castle |
| 26:41 | eXo Leech · first_building Stable |
| 27:06 | BleakAftershock · first_building Castle |
| 28:57 | ElRojo1489 · first_building Castle |
| 29:08 | ElRojo1489 · first_building Monastery |
| 29:40 | P2Phantom · wall_segment Stone Wall x10 |
| 29:44 | P2Phantom · age_up castle |
| 29:46 | P2Phantom · wall_segment Stone Wall x4 |
| 29:57 | ThE_JoKeR · first_building Siege Workshop |
| 30:07 | P2Phantom · first_building Castle |
| 31:33 | P2Phantom · first_market_buy 100 wood |
| 31:38 | P2Phantom · first_building Siege Workshop |
| 32:54 | eXo BlackOut · first_market_buy 100 wood |
| 33:52 | eXo BlackOut · first_market_sell 100 food |
| 35:26 | eXo BlackOut · first_building Castle |
| 38:14 | BleakAftershock · wall_segment Palisade Wall x8 |
| 38:58 | BleakAftershock · wall_segment Stone Wall x6 |
| 39:04 | P2Phantom · first_building Stable |
| 39:07 | eXo Leech · wall_segment Stone Wall x10 |
| 40:09 | ThE_JoKeR · wall_segment Stone Wall x21 |
| 40:26 | ThE_JoKeR · wall_segment Stone Wall x26 |
| 41:56 | BleakAftershock · first_building Siege Workshop |
| 42:15 | ThE_JoKeR · wall_segment Stone Wall x20 |
| 45:33 | eXo BlackOut · first_building Siege Workshop |
| 46:55 | P2Phantom · first_market_sell 100 wood |
| 48:22 | eXo Leech · first_market_sell 100 food |
| 48:54 | ThE_JoKeR · first_market_buy 100 food |
| 49:01 | P2Phantom · age_up imperial |
| 51:29 | BleakAftershock · resign |
| 52:07 | ThE_JoKeR · age_up imperial |
[ AI ANALYSIS · 1 CREDIT ]
What really happened in this match?
Wolo.gg analyzes every decision: build order, eco, micro, common mistakes by bracket. Personalized analysis on WhatsApp or Discord in 30 seconds.
Civ guide
Vietnamese
Map guide
Arabia
Perfil
Jugador #10312044